 Dungeon Crawl Stone Soup version 0.29.0-4-gdea44cf6ec (webtiles) character file.

Game seed: 4304831891783153595

58 qw the Chopper (level 4, -5/26 HPs)
             Began as a Tengu Warper on Aug 28, 2022.
             Slain by an iguana (8 damage)
             ... on level 3 of the Dungeon.
             The game lasted 00:00:13 (2112 turns).

qw the Chopper (Tengu Warper)                       Turns: 2112, Time: 00:00:13

Health: -5/26      AC:  5    Str: 16    XL:     4   Next: 2%
Magic:  8/8        EV: 11    Int: 13    God:
Gold:   850        SH:  5    Dex: 11    Spells: 7/7 levels left

rFire   + . .      SeeInvis .   Y - +1 hand axe
rCold   . . .      Faith    .   (no shield)
rNeg    . . .      Spirit   .   e - +0 ring mail
rPois   .          Reflect  +   (helmet restricted)
rElec   .          Harm     .   (no cloak)
rCorr   .          Rampage  .   (no gloves)
Will    ++...                   (boots unavailable)
Stlth   ++........              h - amulet of reflection
HPRegen 0.08/turn               j - ring of Fuiloipi {rF+ Will+ Str+3 Dex-3 Stlth+}
MPRegen 0.11/turn               a - ring of willpower

@: no status effects
A: beak, talons 3
a: no special abilities


You were on level 3 of the Dungeon.
You visited 1 branch of the dungeon, and saw 3 of its levels.

You collected 850 gold pieces.


Innate Abilities, Weirdness & Mutations

You have a beak for a mouth.
You have claws for feet.


   Skills:
 - Level 2.0 Fighting
 + Level 4.6 Axes
 - Level 1.0 Throwing
 - Level 1.1 Armour
 - Level 2.1 Dodging
 - Level 2.0 Spellcasting
 - Level 2.4 Translocations


You had 7 spell levels left.
You didn't know any spells.
Your spell library contained the following spells:

 Spells                   Type           Power      Damage    Failure   Level
 Blink                    Tloc           14%        N/A       28%         2
 Gell's Gravitas          Tloc           7%         N/A       50%         3
 Lesser Beckoning         Tloc           7%         N/A       50%         3
 Teleport Other           Tloc           7%         N/A       50%         3
 Manifold Assault         Tloc           7%         N/A       99%         5

Inventory:

Hand Weapons
 c - a +2 whip of freezing
 Y - a +1 hand axe (weapon)
Armour
 e - a +0 ring mail (worn)
Jewellery
 a - a ring of willpower (right hand)
 h - an amulet of reflection (around neck)
 j - the ring of Fuiloipi (left hand) {rF+ Will+ Str+3 Dex-3 Stlth+}
   (You acquired it on level 2 of the Dungeon)

   [ring of protection from fire]

   Str:       It affects your strength (+3).
   Dex:       It affects your dexterity (-3).
   rF:        It protects you from fire.
   Will:      It increases your willpower.
   Stlth:     It makes you more stealthy.
 m - a ring of positive energy
Scrolls
 b - a scroll of identify
Potions
 d - a potion of berserk rage {unknown}
 g - a potion of might {unknown}
 i - a potion of flight {unknown}
 k - a potion of curing

Dungeon Overview and Level Annotations

Branches:
Dungeon (3/15)

Altars:


Message History

What level of the Dungeon? (default 1, ? - help)
You climb downwards.
The jackal bites you but does no damage.
The jackal closely misses you. The jackal bites you.
The jackal bites you but does no damage.
The iguana misses you.
There is a stone staircase leading up here.
You hit the iguana but do no damage. Your kick misses the iguana.
You completely miss the jackal. You hit the jackal.
The jackal closely misses you.
The jackal bites you but does no damage.
The iguana closely misses you.
You hit the jackal.
You kill the jackal!
You barely miss the iguana. You barely miss the jackal.
The jackal completely misses you. The iguana bites you.
The jackal closely misses you.
You have reached level 4!
You feel agile.
You hit the iguana but do no damage. You closely miss the jackal.
The jackal bites you. The iguana bites you.
The jackal bites you but does no damage.
You hit the iguana. You peck the iguana.
The iguana is heavily wounded.
You hit the jackal. The iguana bites you! The jackal closely misses you.
You hit the iguana but do no damage. You claw the iguana.
The iguana is heavily wounded.
You closely miss the jackal. You block the jackal's attack.
You block the iguana's attack.
The jackal bites you but does no damage.
You barely miss the iguana. Your kick misses the iguana.
Your peck misses the iguana.
The iguana is heavily wounded.
You hit the jackal.
You kill the jackal!
The iguana misses you.
You hit the iguana but do no damage. Your kick misses the iguana.
The iguana is heavily wounded.
The iguana bites you!
You die...

#. . .##
... #.#
##.## .
##[..##....
#.l@.....#
#....###...
#.#.##
#.#.# # #.#
#.. ###


You could see an iguana.

Vanquished Creatures
  A worm (D:2)
  5 endoplasms
  5 giant cockroaches
  7 goblins
  3 hobgoblins
  7 jackals
  7 kobolds
  A quokka (D:2)
  2 ball pythons
  4 bats
  4 rats
46 creatures vanquished.

Notes
Turn   | Place    | Note
-------+----------+-------------------------------------------
     0 | D:1      | qw the Tengu Warper began the quest for the Orb.
     0 | D:1      | Reached XP level 1. HP: 12/12 MP: 4/4
     0 | D:1      | 0 ||| qw: Version: 0.1-a-89-g26bdef1
     0 | D:1      | 0 ||| qw: Game counter: 642
     0 | D:1      | 0 ||| qw: Always use a shield: true
     0 | D:1      | 0 ||| qw: God list: Okawaru
     0 | D:1      | 0 ||| qw: Allow faded altars: false
     0 | D:1      | 0 ||| qw: Do Orc after D:15 true
     0 | D:1      | 0 ||| qw: Do second Lair branch before Depths: true
     0 | D:1      | 0 ||| qw: Lair rune preference: random
     0 | D:1      | 0 ||| qw: Plans: Normal
     0 | D:1      | 0 ||| PLANNING D:1-11
   128 | D:1      | Reached XP level 2. HP: 17/17 MP: 6/6
   143 | D:1      | Reached skill level 3 in Axes
   715 | D:1      | 715 ||| Stepping ~*~*~tactically~*~*~ (stealth).
   719 | D:1      | Reached XP level 3. HP: 21/21 MP: 7/7
   787 | D:1      | 787 ||| DROPPING +0 club.
   859 | D:1      | 859 ||| Stepping ~*~*~tactically~*~*~ (stealth).
   860 | D:1      | 860 ||| Stepping ~*~*~tactically~*~*~ (stealth).
   874 | D:1      | 874 ||| Stepping ~*~*~tactically~*~*~ (stealth).
  1093 | D:1      | Reached skill level 4 in Axes
  1235 | D:1      | Found a faded altar of an unknown god.
  1287 | D:1      | 1287 ||| UPGRADING to +0 ring mail.
  1297 | D:1      | 1297 ||| DROPPING +0 leather armour.
  1298 | D:1      | 1298 ||| UPGRADING to amulet of reflection.
  1303 | D:1      | 1303 ||| UPGRADING to ring of willpower.
  1304 | D:1      | 1304 ||| READING scroll labelled DAQOES NUGGYI.
  1305 | D:1      | 1305 ||| READING 2 scrolls labelled KOSHOF CEFF.
  1306 | D:1      | 1306 ||| READING scroll labelled EKOCLU VIDUSAA.
  1307 | D:1      | 1307 ||| READING scroll labelled JERUOT WEASHRU.
  1308 | D:1      | 1308 ||| READING scroll labelled ULABRA TELO.
  1309 | D:1      | 1309 ||| DROPPING scroll of blinking.
  1310 | D:1      | 1310 ||| DROPPING scroll of noise.
  1398 | D:2      | 1398 ||| Stepping ~*~*~tactically~*~*~ (stealth).
  1399 | D:2      | 1399 ||| Stepping ~*~*~tactically~*~*~ (stealth).
  1569 | D:2      | 1569 ||| DROPPING +0 whip.
  1790 | D:2      | 1790 ||| Stepping ~*~*~tactically~*~*~ (stealth).
  2053 | D:2      | 2053 ||| UPGRADING to ring of positive energy.
  2054 | D:2      | 2054 ||| READING 2 scrolls labelled UHOLU CAOGHUD.
  2055 | D:2      | 2055 ||| READING scroll labelled CIUBEOSEIP.
  2056 | D:2      | 2056 ||| READING 2 scrolls labelled SIJETEL OKIAK.
  2056 | D:2      | Identified 2 scrolls of acquirement
  2056 | D:2      | 2056 ||| ACQUIRING 782 gold pieces
  2056 | D:2      | Acquired 782 gold pieces
  2058 | D:2      | 2058 ||| READING scroll of acquirement.
  2058 | D:2      | 2058 ||| ACQUIRING ring of Fuiloipi {rF+ Will+ Str+3 Dex-3
                  | Stlth+}
  2058 | D:2      | Acquired the ring of Fuiloipi {rF+ Will+ Str+3 Dex-3
                  | Stlth+}
  2060 | D:2      | 2060 ||| UPGRADING to ring of Fuiloipi {rF+ Will+ Str+3
                  | Dex-3 Stlth+}.
  2062 | D:2      | 2062 ||| UPGRADING to ring of willpower.
  2064 | D:2      | 2064 ||| READING scroll labelled DATEITESEI.
  2065 | D:2      | 2065 ||| DRINKING 2 blue potions.
  2097 | D:3      | 2097 ||| STAIRDANCE
  2108 | D:3      | Reached XP level 4. HP: 15/26 MP: 8/8
  2109 | D:3      | HP: 3/26 [iguana (8)]
  2112 | D:3      | Slain by an iguana

Levels and vault maps discovered:
D:1:      reono_arrival_forest_river, layout_basic, serial_curves,
          eino_curves_01, eino_curves_02, chequers_ecumenical_altar_island,
          kennysheep_decorative_pillar, chequers_serial_rivers_room_a,
          minmay_crystal_room
D:2:      layout_loops_ring
D:3:      layout_loops_ring, nicolae_shop_vocational, uniq_natasha, uniq_robin

Skill      XL: |  1  2  3 |
---------------+----------+-----
Axes           | 3 4 |  4.6
Fighting       | |  2.0
Throwing       | |  1.0
Armour         | |  1.1
Dodging        | |  2.1
Spellcasting   | |  2.0
Translocations | |  2.4

Action                   |  1- 3 |  4- 6 || total
-------------------------+-------+-------++-------
Melee: Hand axe          |   110 |     5 ||   115
       Kick              |    18 |     1 ||    19
       Punch             |     1 |       ||     1
       Peck              |    12 |     1 ||    13
Throw: Boomerang         |     7 |       ||     7
  Use: Scroll            |    10 |       ||    10
       Potion            |     1 |       ||     1
Armor: Leather armour    |    20 |       ||    20
       Ring mail         |    12 |     2 ||    14
Dodge: Dodged            |    73 |     2 ||    75
Block: Other             |    11 |     2 ||    13

Table legend:
 A = Non-vault XP
 B = Vault XP
 C = Vault XP percentage of total XP
 D = Non-vault monster count
 E = Vault monster count
 F = Vault count percentage of total count
                 A         B        C        D         E       F
            +---------+---------+-------+---------+---------+-------
      Total |      84 |       0 |   0.0 |      46 |       0 |   0.0
            +---------+---------+-------+---------+---------+-------
        D:1 |      47 |       0 |   0.0 |      26 |       0 |   0.0
        D:2 |      33 |       0 |   0.0 |      18 |       0 |   0.0
        D:3 |       4 |       0 |   0.0 |       2 |       0 |   0.0
            +---------+---------+-------+---------+---------+-------
